 Dungeon Crawl Stone Soup version 0.26.1-2-gb8aa6d0cf2 (webtiles) character file.

Game seed: 13263519282653453629

1090 berlonaut the Magician (level 8, -3/58 HPs)
             Began as a Gnoll Wanderer on Mar 21, 2021.
             Was a Follower of Nemelex Xobeh.
             Slain by a hell rat (7 damage)
             ... on level 5 of the Dungeon on Mar 22, 2021.
             The game lasted 00:58:32 (9244 turns).

berlonaut the Magician (Gnoll Wanderer)             Turns: 9244, Time: 00:58:33

Health: -3/58      AC: 11    Str: 17    XL:     8   Next: 31%
Magic:  17/17      EV: 11    Int: 16    God:    Nemelex Xobeh [*.....]
Gold:   103        SH:  0    Dex: 13    Spells: 14/19 levels left

rFire    + . .     SeeInvis +   E - +2 hand axe (vorpal)
rCold    . . .     Faith    .   (no shield)
rNeg     . . .     Spirit   .   x - +0 scale mail
rPois    .         Reflect  .   s - +2 helmet {SInv}
rElec    .         Harm     .   (no cloak)
rCorr    .         Rampage  .   (no gloves)
Will     .....                  q - +0 pair of boots
Stlth    +.........             (no amulet)
HPRegen  0.19/turn              r - ring of protection from fire (curse)
MPRegen  0.15/turn              (no ring)

@: mighty
A: distributed training, fangs 1, strong nose
a: Renounce Religion, Draw Escape, Draw Destruction, Draw Summoning


You were on level 5 of the Dungeon.
You worshipped Nemelex Xobeh.
Nemelex Xobeh was aware of your devotion.
You visited 2 branches of the dungeon, and saw 6 of its levels.

You collected 247 gold pieces.
You spent 144 gold pieces at shops.

Inventory:

Hand Weapons
 E - a +2 vorpal hand axe (weapon)
 F - a +0 morningstar
 M - a +0 whip of distortion
 O - a +0 rapier
Missiles
 c - 109 stones
 n - 94 arrows
 o - 36 poisoned darts (quivered)
 p - 5 boomerangs of dispersal
Armour
 e - a +0 robe
 i - a +1 chain mail
 j - a +0 leather armour
 k - a +0 helmet
 q - a +0 pair of boots (worn)
 s - a +2 helmet of see invisible (worn)
 x - a +0 scale mail (worn)
 z - a +0 ring mail
 B - a +0 ring mail
 P - a +3 leather armour of fire resistance
Jewellery
 r - a cursed ring of protection from fire (left hand)
 G - an uncursed ring of protection from fire
 N - an uncursed ring of see invisible {unknown}
Wands
 A - a wand of random effects (20)
Scrolls
 b - 2 scrolls of fear
 l - 2 scrolls of remove curse
 t - 2 scrolls of enchant armour
 v - 2 scrolls of identify
 C - 2 scrolls of immolation
 D - 4 scrolls of teleportation
 I - 2 scrolls of amnesia
 L - a scroll of magic mapping {unknown}
Potions
 g - 3 potions of curing
 h - 3 potions of brilliance
 H - a potion of lignification
 J - a potion of invisibility


   Skills:
 + Level 3.1 Fighting
 + Level 3.1 Short Blades
 + Level 3.1 Long Blades
 + Level 3.1 Axes
 + Level 3.1 Maces & Flails
 + Level 3.1 Polearms
 + Level 3.1 Staves
 + Level 3.1 Slings
 + Level 3.1 Bows
 + Level 3.1 Crossbows
 + Level 3.1 Throwing
 + Level 3.1 Armour
 + Level 3.1 Dodging
 + Level 4.0 Stealth
 + Level 4.1 Shields
 + Level 3.1 Unarmed Combat
 + Level 6.0 Spellcasting
 + Level 4.6 Conjurations
 + Level 2.5 Hexes
 + Level 2.5 Summonings
 + Level 2.5 Necromancy
 + Level 2.5 Translocations
 + Level 2.5 Transmutations
 + Level 4.6 Fire Magic
 + Level 2.5 Ice Magic
 + Level 2.5 Air Magic
 + Level 4.6 Earth Magic
 + Level 2.5 Poison Magic
 + Level 3.5 Invocations
 + Level 3.1 Evocations


You had 14 spell levels left.
You knew the following spells:

 Your Spells              Type           Power        Failure   Level
a - Foxfire               Conj/Fire      76%          7%          1
b - Freeze                Ice            52%          16%         1
c - Summon Small Mammal   Summ           52%          16%         1
d - Call Imp              Summ           13%          24%         2

Your spell library contained the following spells:

 Spells                   Type           Power        Failure   Level
 Inner Flame              Hex/Fire       16%          30%         3
 Call Canine Familiar     Summ           13%          43%         3
 Confusing Touch          Hex            13%          43%         3
 Gell's Gravitas          Tloc           6%           43%         3
 Ozocubu's Armour         Ice            13%          43%         3
 Summon Guardian Golem    Hex/Summ       13%          43%         3
 Petrify                  Tmut/Erth      16%          71%         4
 Summon Ice Beast         Ice/Summ       13%          85%         4
 Summon Lightning Spire   Summ/Air       13%          85%         4
 Metabolic Englaciation   Hex/Ice        6%           99%         5
 Yara's Violent Unravell  Hex/Tmut       6%           99%         5


Dungeon Overview and Level Annotations

Branches:
Dungeon (5/15)             Temple (1/1) D:5

Altars:
Ashenzari
Cheibriados
Dithmenos
Elyvilon
Fedhas
Gozag
Hepliaklqana
Kikubaaqudgha
Makhleb
Nemelex Xobeh
Okawaru
Qazlal
Ru
Sif Muna
Trog
Uskayaw
Vehumet
Wu Jian
Xom
Yredelemnul
Zin
The Shining One

Shops:
D:5 !


Innate Abilities, Weirdness & Mutations

Your experience applies equally to all skills.
You have very sharp teeth.
Your uncanny sense of smell can sniff out nearby items.


Message History

You hit the hell rat.
The hell rat is almost dead.
The hell rat closely misses you.
You barely miss the hell rat.
The hell rat is almost dead.
The hell rat completely misses you.
A rat comes into view.
The hell rat bites you!
* * * LOW HITPOINT WARNING * * *
You closely miss the hell rat.
The hell rat is severely wounded.
The hell rat misses you.
As you read the scroll of fear, it crumbles to dust.
You assume a fearsome visage.
The hell rat is unaffected.
The river rat looks frightened!
The rat looks frightened! x3
The hell rat closely misses you.
You feel very mighty all of a sudden. The hell rat bites you!
You die...
Your body disappears without a glow.

.....####.##.....###.####.###....
###..###.##....#..#..............
####..##.# #..#.#..............
.##...##.## #.r#....###..##.#.
.......##.# #r.#.#...##.'#..#.
####..##.## #rr#.....#.....##. ##
#.<###.# ##r#....#......##.
.###)...#.##∆ ##r#.....'.._..'..
..#.....##.## #@##.....#..†..#..
.....#..###.####.#..#...#.....##.
#....##...##.##.##.....##..'####.
#....##...##.#†###......##...###.
........†####.#.##...............
.........##.#####................
.........###.###......######.#..#
..............##...>.## #...##
.≈≈≈≈≈......####.....# ###.#


You could see a hell rat, 2 river rats and a rat.

Vanquished Creatures
  Eustachio (D:5)
  A phantom (D:4)
  A centaur (D:5)
  Blork the orc (D:3)
  A scorpion (D:4)
  A crimson imp (D:5)
  4 orc priests
  2 hounds
  An orc wizard (D:2)
  Jessica (D:2)
  A centaur skeleton (D:4)
  2 iguanas
  Ijyb (D:3)
  Natasha (twice) (D:3)
  2 worker ants
  A hound skeleton (D:3)
  A howler monkey zombie (D:5)
  7 adders
  An ufetubus (D:5)
  A worm (D:3)
  A dart slug (D:4)
  9 leopard geckos
  17 orcs
  2 ball pythons
  6 giant cockroaches
  9 goblins
  5 hobgoblins
  14 jackals
  8 kobolds
  9 bats
  4 frilled lizards
  3 goblin skeletons (D:5)
  A goblin zombie (D:5)
  A kobold zombie (D:5)
  2 orc zombies (D:5)
  A quokka skeleton (D:5)
  13 rats
138 creatures vanquished.

Vanquished Creatures (others)
  28 foxfires
  5 plants
33 creatures vanquished.

Grand Total: 171 creatures vanquished

Notes
Turn   | Place    | Note
-------+----------+-------------------------------------------
     0 | D:1      | berlonaut the Gnoll Wanderer began the quest for the Orb.
     0 | D:1      | berlonaut set off with the following items: a +2 dagger, a
                  | scroll of fear, a +0 robe; and the following spells
                  | available to memorise: Foxfire, Freeze, Inner Flame,
                  | Ozocubu's Armour
     0 | D:1      | Reached XP level 1. HP: 13/13 MP: 6/6
   238 | D:1      | Reached XP level 2. HP: 6/19 MP: 7/7
  1222 | D:1      | Reached XP level 3. HP: 25/25 MP: 9/9
  1243 | D:1      | Reached skill level 5 in Spellcasting
  1950 | D:2      | Learned a level 1 spell: Foxfire
  2001 | D:2      | Noticed Jessica
  2140 | D:2      | Killed Jessica
  2141 | D:2      | Reached skill level 1 in Fighting
  2141 | D:2      | Reached skill level 1 in Short Blades
  2141 | D:2      | Reached skill level 1 in Long Blades
  2141 | D:2      | Reached skill level 1 in Axes
  2141 | D:2      | Reached skill level 1 in Maces & Flails
  2141 | D:2      | Reached skill level 1 in Polearms
  2141 | D:2      | Reached skill level 1 in Staves
  2141 | D:2      | Reached skill level 1 in Slings
  2141 | D:2      | Reached skill level 1 in Bows
  2141 | D:2      | Reached skill level 1 in Crossbows
  2141 | D:2      | Reached skill level 1 in Throwing
  2141 | D:2      | Reached skill level 1 in Armour
  2141 | D:2      | Reached skill level 1 in Dodging
  2141 | D:2      | Reached skill level 1 in Unarmed Combat
  2141 | D:2      | Reached skill level 1 in Invocations
  2141 | D:2      | Reached skill level 1 in Evocations
  2260 | D:2      | Reached XP level 4. HP: 30/32 MP: 11/11
  3145 | D:3      | Reached skill level 1 in Hexes
  3145 | D:3      | Reached skill level 1 in Summonings
  3145 | D:3      | Reached skill level 1 in Necromancy
  3145 | D:3      | Reached skill level 1 in Translocations
  3145 | D:3      | Reached skill level 1 in Transmutations
  3145 | D:3      | Reached skill level 1 in Ice Magic
  3145 | D:3      | Reached skill level 1 in Air Magic
  3145 | D:3      | Reached skill level 1 in Poison Magic
  3562 | D:3      | Noticed Ijyb
  3878 | D:3      | Found a sparkling altar of Nemelex Xobeh.
  3937 | D:3      | Became a worshipper of Nemelex Xobeh the Trickster
  3953 | D:2      | Reached XP level 5. HP: 30/37 MP: 12/12
  4137 | D:2      | Learned a level 1 spell: Freeze
  4785 | D:3      | Reached XP level 6. HP: 29/44 MP: 13/13
  5259 | D:3      | Noticed Natasha
  5265 | D:3      | Killed Natasha
  5276 | D:3      | Noticed Natasha
  5387 | D:3      | Killed Natasha
  5422 | D:3      | Killed Ijyb
  5988 | D:4      | Noticed a phantom
  6069 | D:4      | Killed a phantom
  6070 | D:4      | Reached XP level 7. HP: 37/50 MP: 15/15
  6295 | D:4      | Noticed Blork the orc
  6624 | D:3      | Learned a level 1 spell: Summon Small Mammal
  6655 | D:3      | Killed Blork the orc
  7554 | D:5      | Entered Level 5 of the Dungeon
  7562 | D:5      | Found Nyehet's Distillery.
  7588 | D:5      | Bought a potion of invisibility for 96 gold pieces
  7588 | D:5      | Bought a potion of might for 48 gold pieces
  7675 | D:5      | Reached XP level 8. HP: 46/57 MP: 16/16
  7927 | D:5      | Found a staircase to the Ecumenical Temple.
  8045 | D:5      | Reached * piety under Nemelex Xobeh
  8351 | D:5      | Noticed Eustachio
  8378 | Temple   | Entered the Ecumenical Temple
  8848 | D:5      | Learned a level 2 spell: Call Imp
  8922 | D:5      | Killed Eustachio
  9113 | D:5      | Reached skill level 6 in Spellcasting
  9132 | D:5      | Found a glowing golden altar of the Shining One.
  9244 | D:5      | Slain by a hell rat

Illustrated notes

Levels and vault maps discovered:
D:1:      kilobyte_arrival_exit_the_forest, layout_loops_cross,
          hangedman_abyss_or_decor_stabs, chequers_serial_rivers_small_3,
          minmay_hexomino_f4
D:2:      layout_basic, uniq_jessica
D:3:      minmay_chambers_of_threes, layout_basic,
          nemelex_xobeh_ov_fountains_minmay, serial_bayou, serial_bayou_pond_e,
          serial_bayou_shore_b, serial_bayou_pond_c, serial_bayou_pond_e,
          uniq_natasha, uniq_ijyb
D:4:      layout_rooms, uniq_blork_the_orc
D:5:      wander_guarded_unrand_ratskin, layout_cave_pools, temple_pool_b,
          serial_shops, shop, kennysheep_crisscross,
          nicolae_tso_besieged_by_evil, uniq_eustachio
Temple:   roderic_octagonal_lattice_temple

Skill      XL: |  1  2  3  4  5  6  7  8 |
---------------+-------------------------+-----
Spellcasting   | 5 6 |  6.0
Fighting       | 1 2 3 |  3.1
Short Blades   | 1 2 3 |  3.1
Long Blades    | 1 2 3 |  3.1
Axes           | 1 2 3 |  3.1
Maces & Flails | 1 2 3 |  3.1
Polearms       | 1 2 3 |  3.1
Staves         | 1 2 3 |  3.1
Slings         | 1 2 3 |  3.1
Bows           | 1 2 3 |  3.1
Crossbows      | 1 2 3 |  3.1
Throwing       | 1 2 3 |  3.1
Armour         | 1 2 3 |  3.1
Dodging        | 1 2 3 |  3.1
Unarmed Combat | 1 2 3 |  3.1
Invocations    | 1 2 3 |  3.5
Evocations     | 1 2 3 |  3.1
Hexes          | 1 2 |  2.5
Summonings     | 1 2 |  2.5
Necromancy     | 1 2 |  2.5
Translocations | 1 2 |  2.5
Transmutations | 1 2 |  2.5
Ice Magic      | 1 2 |  2.5
Air Magic      | 1 2 |  2.5
Poison Magic   | 1 2 |  2.5
Shields        | 3 4 |  4.1
Conjurations   | 4 |  4.6
Fire Magic     | 4 |  4.6
Earth Magic    | 4 |  4.6
Stealth        | 3 4 |  4.0

Action                   |  1- 3 |  4- 6 |  7- 9 || total
-------------------------+-------+-------+-------++-------
Melee: Dagger            |   111 |    62 |       ||   173
       Bite              |    13 |    28 |    19 ||    60
       Punch             |     1 |     4 |     2 ||     7
       Short sword       |       |    60 |       ||    60
       Flail             |       |   171 |    17 ||   188
       Hand axe          |       |       |   183 ||   183
Throw: Stone             |     1 |       |       ||     1
       Dart              |       |    18 |    11 ||    29
 Cast: Foxfire           |     3 |     2 |    12 ||    17
       Freeze            |       |       |     1 ||     1
       Call Imp          |       |       |     1 ||     1
  Use: Scroll            |     4 |     2 |     3 ||     9
       Potion            |       |     8 |     1 ||     9
 Stab: Sleeping          |     2 |     1 |     2 ||     5
Armor: Robe              |     5 |       |       ||     5
       Leather armour    |    22 |    36 |       ||    58
       Scale mail        |       |   123 |   106 ||   229
Dodge: Dodged            |    65 |   177 |   130 ||   372
